 Dungeon Sprint DCSS version 0.30-a0-1085-g990a428a5c (webtiles) character file.

Game seed: 4552459343308227108

2145 rocky1 the Thaumaturge (level 9, -8/45 HPs)
             Began as a Deep Elf Earth Elementalist on Apr 17, 2023.
             Was a Priest of Sif Muna.
             Shot with an arrow by a centaur warrior (21 damage)
             ... in the Dungeon (Sprint III: "The Ten Rune Challenge").
             The game lasted 00:05:54 (1563 turns).

rocky1 the Thaumaturge (DEEE)                       Turns: 1563, Time: 00:05:54

Health: -8/45      AC:  3    Str:  5    XL:     9   Next: 9%
Magic:  12/27      EV: 14    Int: 25    God:    Sif Muna [***...]
Gold:   20         SH:  0    Dex: 15    Spells: 14/32 levels left

rFire   . . .      SeeInvis .    (no weapon)
rCold   . . .      Faith    .    (no shield)
rNeg    . . .      Spirit   .    a - +0 robe
rPois   .          Reflect  .    (no helmet)
rElec   .          Rampage  .    (no cloak)
rCorr   .          NoTele   +    p - +0 pair of gloves
Will    .....                    (no boots)
Stlth   +++                      (no amulet)
HPRegen 0.27/turn                (no ring)
MPRegen 0.20/turn                (no ring)

@: no status effects
A: no striking features
a: Renounce Religion, Channel Magic, Forget Spell


You were in the Dungeon.
You worshipped Sif Muna.
Sif Muna was most pleased with you.
You visited 1 branch You collected 20 gold pieces.

Inventory:

Hand Weapons
 q - a +1 long sword of holy wrath
Armour
 a - a +0 robe (worn)
 p - a +0 pair of gloves (worn)
Wands
 o - a wand of flame (15)
Scrolls
 g - a scroll of blinking
 h - a scroll of immolation {unknown}
 l - a scroll of poison
Potions
 b - 3 potions of magic
 c - 2 potions of mutation
 d - 3 potions of heal wounds
 e - a potion of haste
 f - a potion of berserk rage
 j - a potion of curing
 k - a potion of ambrosia
 m - 2 potions of lignification
 n - 2 potions of flight
Miscellaneous
 i - a phantom mirror


   Skills:
 - Level 4.8 Dodging
 - Level 4.4 Stealth
 + Level 12.0 Spellcasting
 * Level 10.4 Conjurations
 * Level 10.2 Summonings
 - Level 1.4 Transmutations
 + Level 11.8 Earth Magic
 + Level 7.2 Invocations


You had 14 spell levels left.
You knew the following spells:

 Your Spells              Type           Power      Damage    Failure   Level
a - Sandblast             Erth           100%       2d20      1%          1
b - Stone Arrow           Conj/Erth      100%       3d13      1%          3
c - Orb of Destruction    Conj           30%        9d10      43%         7
d - Spellforged Servitor  Conj/Summ      30%        N/A       43%         7

Your spell library contained the following spells:

 Spells                   Type           Power      Damage    Failure   Level
 Passwall                 Tmut/Erth      40%        N/A       1%          2
 Summon Guardian Golem    Hex/Summ       40%        N/A       1%          3
 Petrify                  Tmut/Erth      48%        N/A       2%          4
 Simulacrum               Ice/Necr       7%         N/A       99%         6
 Ozocubu's Refrigeration  Ice            7%         4d9       100%        7
 Polar Vortex             Ice            7%         N/A       100%        9


Dungeon Overview and Level Annotations

Branches:
Dungeon (1/1)

Altars:
Cheibriados
Dithmenos
Elyvilon
Fedhas
Gozag
Hepliaklqana
Kikubaaqudgha
Makhleb
Nemelex Xobeh
Okawaru
Qazlal
Ru
Sif Muna
Trog
Uskayaw
Vehumet
Wu Jian
Xom
Yredelemnul
Zin
The Shining One
Jiyva
Lugonu


Message History

A centaur warrior and 2 centaurs come into view.
The centaur shouts!
The centaur warrior shouts!
The centaur shouts!
There is an open door here.
Aiming: Stone Arrow (safe; 1% risk of failure)
Press: ? - help, Q - select action, (/) - cycle Shift-Dir - straight line, f - centaur
Aim: a centaur (87% to hit)
The stone arrow misses the centaur.
The centaur wields a +0 shortbow.
The centaur shoots an arrow.
The arrow barely misses you.
The centaur warrior wields a +0 shortbow.
The centaur warrior shoots an arrow.
The arrow barely misses you.
The centaur wields a +0 shortbow.
The centaur shoots an arrow.
The arrow hits you!
The centaur shoots an arrow.
The arrow barely misses you.
Aiming: Stone Arrow (safe; 1% risk of failure)
Press: ? - help, Q - select action, (/) - cycle Shift-Dir - straight line, f/p - centaur
Aim: a centaur, wielding a +0 shortbow (87% to hit)
The stone arrow hits the centaur!!
You kill the centaur!
Sif Muna accepts your kill.
Aiming: Stone Arrow (safe; 1% risk of failure)
Press: ? - help, Q - select action, (/) - cycle Shift-Dir - straight line, f - centaur warrior
Aim: a centaur warrior, wielding a +0 shortbow (84% to hit)
The stone arrow hits the centaur warrior!!
The centaur warrior is heavily wounded.
The centaur warrior shoots an arrow.
The arrow hits you!!
* * * LOW HITPOINT WARNING * * *
Aiming: Stone Arrow (safe; 1% risk of failure)
Press: ? - help, Q - select action, (/) - cycle Shift-Dir - straight line, f - centaur
Aim: a centaur, wielding a +0 shortbow (87% to hit)
The stone arrow hits the centaur!!
You kill the centaur!
Sif Muna accepts your kill.
Your Spellcasting skill increases to level 12!
Aiming: Stone Arrow (safe; 1% risk of failure)
Press: ? - help, Q - select action, (/) - cycle Shift-Dir - straight line, f - centaur warrior
Aim: a centaur warrior, wielding a +0 shortbow (moderately wounded, 84% to hit)
The stone arrow hits the centaur warrior!!
The centaur warrior is severely wounded.
The centaur warrior shoots an arrow.
The arrow hits you!!
You die...

#___#__# #__)#._#
#'###)## .......#
.......# ######'#
#__#...#+#############
#__#...#..~~§'.#.))c.+
#__#...#.#§§§#.#@#...#
#__#...'.#§§§#.#.#cc.#
#__'...#.#§..#...#...#
▓▓▓▓▓▓▓▓▓▓▓▓▓▓▓▓▓▓▓▓▓#


You could see a centaur warrior.

Vanquished Creatures
  Josephine (D)
  A deep elf pyromancer (D)
  A shadow (D)
  A spatial vortex (D)
  2 centaurs (D)
  An earth elemental (D)
  A necrophage (D)
  A scorpion (D)
  A water elemental (D)
  A jelly (D)
  A necromancer (D)
  A wizard (D)
  3 humans (D)
  A kobold demonologist (D)
  An endoplasm (D)
  3 rats (D)
21 creatures vanquished.

Notes
Turn   | Place    | Note
-------+----------+-------------------------------------------
     0 | D        | rocky1 the Deep Elf Earth Elementalist began the quest for
                  | the Orb.
     0 | D        | Reached XP level 1. HP: 10/10 MP: 6/6
    52 | D        | Noticed a scorpion
    60 | D        | Killed a scorpion
    61 | D        | Reached skill level 5 in Spellcasting
    61 | D        | Reached XP level 2. HP: 5/15 MP: 1/10
    61 | D        | Reached XP level 3. HP: 7/19 MP: 1/12
   319 | D        | Reached skill level 6 in Spellcasting
   319 | D        | Reached XP level 4. HP: 24/24 MP: 10/14
   350 | D        | Noticed a water elemental
   352 | D        | Killed a water elemental
   353 | D        | Reached skill level 7 in Spellcasting
   353 | D        | Reached XP level 5. HP: 28/28 MP: 13/17
   358 | D        | Found a radiant altar of Vehumet.
   358 | D        | Found a shimmering blue altar of Sif Muna.
   358 | D        | Found an ancient bone altar of Kikubaaqudgha.
   360 | D        | Reached skill level 8 in Spellcasting
   360 | D        | Noticed an orange demon
   515 | D        | Became a worshipper of Sif Muna the Loreminder
   528 | D        | Learned a level 3 spell: Stone Arrow
   536 | D        | Noticed a shadow
   539 | D        | Killed a shadow
   540 | D        | Reached skill level 9 in Spellcasting
   540 | D        | Reached XP level 6. HP: 10/32 MP: 15/20
   630 | D        | Reached skill level 10 in Earth Magic
   814 | D        | Found a blossoming altar of Fedhas.
   814 | D        | Found a stormy altar of Qazlal.
   814 | D        | Found a snail-covered altar of Cheibriados.
   814 | D        | Found a burning altar of Makhleb.
   814 | D        | Found a shimmering altar of Xom.
   815 | D        | Found a hazy altar of Hepliaklqana.
   815 | D        | Found an opulent altar of Gozag.
   815 | D        | Found a sparkling altar of Nemelex Xobeh.
   815 | D        | Found a corrupted altar of Lugonu.
   815 | D        | Found a viscous altar of Jiyva.
   815 | D        | Noticed a spatial vortex
   818 | D        | Killed a spatial vortex
   818 | D        | Reached * piety under Sif Muna
   819 | D        | Reached skill level 5 in Conjurations
   819 | D        | Reached skill level 5 in Summonings
   913 | D        | Found a basalt altar of Yredelemnul.
   913 | D        | Found a shadowy altar of Dithmenos.
   913 | D        | Found a sacrificial altar of Ru.
   916 | D        | Reached XP level 7. HP: 28/36 MP: 19/22
  1151 | D        | Found a hide-covered altar of Uskayaw.
  1151 | D        | Found an iron altar of Okawaru.
  1151 | D        | Found a bloodstained altar of Trog.
  1151 | D        | Found an ornate altar of the Wu Jian Council.
  1151 | D        | Noticed a human
  1151 | D        | Noticed a human
  1155 | D        | Killed a human
  1155 | D        | Reached ** piety under Sif Muna
  1156 | D        | Reached skill level 10 in Spellcasting
  1157 | D        | Killed a human
  1158 | D        | Reached skill level 5 in Invocations
  1260 | D        | Found a glowing silver altar of Zin.
  1260 | D        | Found a glowing golden altar of the Shining One.
  1260 | D        | Found a white marble altar of Elyvilon.
  1260 | D        | Noticed a deep elf pyromancer
  1262 | D        | Killed a deep elf pyromancer
  1263 | D        | Reached skill level 11 in Spellcasting
  1263 | D        | Reached XP level 8. HP: 41/41 MP: 18/25
  1287 | D        | Learned a level 7 spell: Orb of Destruction
  1295 | D        | Learned a level 7 spell: Spellforged Servitor
  1411 | D        | Noticed Josephine
  1414 | D        | Killed Josephine
  1415 | D        | Reached skill level 10 in Conjurations
  1485 | D        | Reached *** piety under Sif Muna
  1486 | D        | Reached skill level 10 in Summonings
  1486 | D        | Reached XP level 9. HP: 45/45 MP: 13/26
  1557 | D        | Noticed a centaur warrior
  1563 | D        | Reached skill level 12 in Spellcasting
  1563 | D        | Shot with an arrow by a centaur warrior

Illustrated notes

Levels and vault maps discovered:
D:        dungeon_sprint_mu [sprint_mu_entry_forest, sprint_mu_temple_rooms,
          sprint_mu_d1_horrors, sprint_mu_d2_genie, sprint_mu_d3_branching,
          sprint_mu_orc_legion, sprint_mu_elf_gauntlet, sprint_mu_hive_nellie,
          sprint_mu_lair_fedhas, sprint_mu_vaults_butterflies,
          sprint_mu_slime_circle, sprint_mu_swamp_cave, sprint_mu_shoals_kraken,
          sprint_mu_blade_basic, sprint_mu_crypt_fortress,
          sprint_mu_tomb_spiral, sprint_mu_vestibule_basic,
          sprint_mu_gehenna_hellfire, sprint_mu_dis_giant,
          sprint_mu_tartarus_statrot, sprint_mu_cocytus_islands, sprint_mu_zot1]

Skill      XL: |  1  2  3  4  5  6  7  8  9 |
---------------+----------------------------+-----
Earth Magic    | 7 8 9 10 11 | 11.8
Dodging        | 3 4 |  4.8
Stealth        | 3 4 |  4.4
Spellcasting   | 5 6 7 9 11 12 | 12.0
Conjurations   | 4 6 8 10 | 10.4
Summonings     | 4 5 8 10 | 10.2
Invocations    | 2 4 6 7 |  7.2
Transmutations | |  1.4

Action                     |  1- 3 |  4- 6 |  7- 9 || total
---------------------------+-------+-------+-------++-------
   Cast: Sandblast         |    12 |    17 |     3 ||    32
         Stone Arrow       |       |       |    21 ||    21
    Use: Scroll            |     4 |       |       ||     4
         Potion            |     1 |       |       ||     1
  Dodge: Dodged            |     3 |     6 |     6 ||    15

Table legend: (Time is in decaauts)
 A = Elapsed time spent in this place.
 B = Non-inter-level travel time spent in this place.
 C = Inter-level travel time spent in this place.
 D = Time resting spent in this place.
 E = Time spent auto-exploring this place.
 F = Levels seen in this place.
 G = Mean time per level.
                   A        B        C        D        E       F      G
               +--------+--------+--------+--------+--------+-----+--------+
         Total |   1582 |   1582 |      0 |   1250 |      0 |   1 | 1582.0 |
       Dungeon |   1582 |   1582 |      0 |   1250 |      0 |   1 | 1582.0 |
               +--------+--------+--------+--------+--------+-----+--------+

Top non-repeatable levels by time:
       D: 1582 daAuts
